Unix xNetHack Version 7.1.0 - last build Jul 19 2022 14:02:28 (a8c4666137c2c631a57c77f6261166d76d9e3895). Game began 2022-08-09 20:40:05, ended 2022-08-09 22:39:22. delisma, neutral male human Priest ---------- #-........| #|........| --------- #|........| |.......| ---#------------ #|.........############|.......| ###...............| #|........| #.........#######|..............| #------.--- #|.....<.| ######...............| # ######### |........ |..........)...| # # |.......| --------------.- # # --------- ######## # # # # ----------.- #### # ## |..........| # ) # # |....#.....| 0################# -$-- -|---.---# |........... --%----.-- |..| |~......-# -------.---- |........| |..| |.......| |........| ---- |....(..| |....>...| --------- ---------- Delisma the Acolyte St:10 Dx:11 Co:10 In:16 Wi:17 Ch:9 Neutral S:1000 Dlvl:6 $:0 HP:0(43) Pw:15(59) AC:0 Xp:5/170 T:2230 Burdened Latest messages: Something is written here in the dust. You read: "?d erariun". You find a hidden door. You hear the footsteps of a guard on patrol. The door resists! The door opens. You find a hidden passage. You materialize in a different location! You have a little trouble lifting 587 gold pieces. Continue? y $ - 587 gold pieces {6}. You rebalance your load. Movement is difficult. $ - 809 gold pieces {8}. $ - 108 gold pieces {1}. $ - 408 gold pieces {4}. It's a wall. A guard suddenly appears next to you! Suddenly one of the Vault's guards enters! "I don't know you." "Most likely all your gold was stolen from this vault." "Please drop that gold and follow me." You stop. The guard doesn't want to swap places. "I repeat, drop that gold and follow me!" What do you want to drop? Never mind. What do you want to read? Never mind. Where do you want to jump? (For instructions type a '?') Nothing happens. What do you want to drop? You drop 2099 gold pieces {21}. Your movements are only slowed slightly by your load. You have a little trouble lifting 2099 gold pieces. Continue? y $ - 2099 gold pieces {21}. You rebalance your load. Movement is difficult. "So be it, rogue!" The guard wields a knife! A lit field surrounds you! The guard swings his knife. The guard hits you! The guard swings his knife. The guard gores you! You die... Your 2099 zorkmids goes into the Magic Memory Vault. The corridor disappears. Do you want your possessions identified? y Do you want to see your attributes? y Do you want an account of creatures vanquished? y Do you want to see your conduct and achievements? y Do you want to see the dungeon overview? y Major events: Turn 1: delisma the neutral human Priest entered the dungeon 553: attained the rank of Acolyte (level 3) 2230: killed by a guard Inventory: Inventory: 819/550 weight (25/52 slots) Weapons y - a +0 mithril elven dagger {5} a - a blessed +1 mace (weapon in hand) {30} Armor D - a +0 pair of cloth low boots (being worn) {5} c - a +0 small shield (being worn) {23} b - a +0 robe (being worn) {12} r - a +0 plate mail (being worn) {338} Comestibles e - 2 cloves of garlic {2} K - a cram ration {15} v - a cream pie {10} k - 4 food rations {80} z - 3 pears {6} f - 2 sprigs of wolfsbane {2} Spellbooks h - a spellbook of cure sickness {45} H - a spellbook of jumping {40} g - a spellbook of light {35} Potions B - a potion of gain energy {20} d - 3 potions of holy water {60} Rings q - a ring of slow digestion (on right hand) {3} Wands p - a wand of create monster (0:13) {7} Tools i - an empty sack {15} s - a bell {30} t - a cloth leash {8} I - a lock pick {4} u - a blessed silver oil lamp {21} x - a skeleton key {3} Delisma the Priest's attributes: Background: You were an Acolyte, a level 5 human Priest. You were neutral, on a mission for Odin who was opposed by Tyr (lawful) and Loki (chaotic). You were heterosexual. You were in the Dungeons of Doom, on level 6. You entered the dungeon 2230 turns ago. It was nighttime. You had 170 experience points, 150 more were needed to attain level 6. Your score was 1000 before end-of-game adjustments. Basics: You had 0 out of 43 hit points. You had 15 out of 59 energy points (spell power). Your armor class was 0. Your wallet was empty. Autopickup was on for '$' plus thrown. Final Characteristics: Your strength was 10 (limit:18/100). Your dexterity was 11 (peak:15, limit:18). Your constitution was 10 (limit:18). Your intelligence was 16 (limit:18). Your wisdom was 17 (limit:18). Your charisma was 9 (limit:18). Final Status: You were not hungry. You were burdened; movement was slightly slowed. You were wielding a mace. You had basic skill with mace. Final Attributes: You were devoutly aligned. You had slower digestion. You were guarded. You were fast. You are dead. Miscellaneous: You never encountered a bones level. Total elapsed playing time was 25 minutes and 48 seconds. Vanquished creatures: a leprechaun a ghost a shrieker a straw golem a floating eye a dwarf a homunculus 3 iguanas a hobbit 2 giant rats 2 brown molds a yellow mold a red mold a gnome zombie 3 geckos 8 jackals a fox 3 kobolds a sewer rat 6 grid bugs 5 lichens 3 newts 48 creatures vanquished. No species were genocided or became extinct. Voluntary challenges: You read items or engraved 5 times. You never genocided any monsters. You never polymorphed an object. You never changed form. You never touched an artifact. You used no wishes. You never scared an enemy with impunity. You were celibate. You never generated conflict. Achievements: You attained the rank of Acolyte. You entered a shop. The Dungeons of Doom: levels 1 to 6 Level 1: Level 2: A fountain. Level 3: A general store, a fountain, a grave. Level 4: A potion shop, a fountain. Level 5: Level 6: <- You were here. A tree. Final resting place for you, killed by a guard. Game over: __________ / \ / REST \ / IN \ / PEACE \ / \ | delisma | | 0 Au | | killed by a | | guard | | | | | | 2022 | *| * * * | * _________)/\\_//(\/(/\)/\//\/|_)_______ Goodbye delisma the Priest... You died in The Dungeons of Doom on dungeon level 6 with 1000 points, and 0 pieces of gold, after 2230 moves. You were level 5 with a maximum of 43 hit points when you died.